 Dungeon Crawl Stone Soup version 0.28.0 (webtiles) character file.

Game seed: 14234021022168357189

420 issech the Cudgeller (level 6, -4/61 HPs)
             Began as a Troll Monk on Feb 9, 2022.
             Slain by a black bear (6 damage)
             ... on level 4 of the Dungeon.
             The game lasted 00:10:38 (2889 turns).

issech the Cudgeller (Troll Monk)                   Turns: 2889, Time: 00:10:38

Health: -4/61      AC:  4    Str: 20    XL:     6   Next: 62%
Magic:  5/5        EV: 11    Int:  6    God:
Gold:   268        SH:  0    Dex: 14    Spells: 5/5 levels left

rFire   . . .      SeeInvis +   a - +0 mace
rCold   . . .      Faith    .   (no shield)
rNeg    . . .      Spirit   .   b - +0 robe
rPois   +          Reflect  .   (helmet restricted)
rElec   .          Harm     .   (no cloak)
rCorr   .          Rampage  .   (gloves unavailable)
Will    .....                   (boots unavailable)
Stlth   ++........              (no amulet)
HPRegen 1.00/turn               n - ring of see invisible
MPRegen 0.09/turn               p - ring of poison resistance

@: no status effects
A: large, unfitting armour, claws 3, regeneration 1, shaggy fur 1, tough skin 1
a: no special abilities


You were on level 4 of the Dungeon.
You visited 1 branch of the dungeon, and saw 4 of its levels.

You collected 268 gold pieces.

Inventory:

Hand Weapons
 a - a +0 mace (weapon)
 l - a +2 long sword of holy wrath
 o - a +2 dagger of venom
Missiles
 d - 70 stones
 f - 112 sling bullets
 h - 5 poisoned darts
 r - 21 arrows
 t - 4 boomerangs (quivered)
 v - a boomerang of dispersal
Armour
 b - a +0 robe (worn)
Jewellery
 n - a ring of see invisible (left claw)
 p - a ring of poison resistance (right claw)
Scrolls
 e - 3 scrolls of teleportation
 g - a scroll of immolation
 j - a scroll of magic mapping
 q - a scroll of fog
 u - a scroll of vulnerability
 x - a scroll of noise
Potions
 c - 7 potions of brilliance {unknown}
 i - 2 potions of haste {unknown}
 k - 2 potions of heal wounds {unknown}
 m - a potion of berserk rage {unknown}
 s - 2 potions of curing {unknown}


   Skills:
 + Level 3.5 Fighting
 + Level 5.0 Maces & Flails
 + Level 0.4 Throwing
 + Level 3.7 Dodging
 + Level 1.3 Stealth


You had 5 spell levels left.
You didn't know any spells.
Your spell library contained the following spells:

 Spells                   Type           Power      Damage    Failure   Level
 Magic Dart               Conj           0%         1d3       45%         1
 Call Imp                 Summ           0%         N/A       58%         2
 Mephitic Cloud           Conj/Pois/Air  0%         N/A       83%         3


Dungeon Overview and Level Annotations

Branches:
Dungeon (4/15)
 Temple: D:4-7

Altars:
Dithmenos
Makhleb


Innate Abilities, Weirdness & Mutations

You are too large for most types of armour.
You have claws for hands.
Your natural rate of healing is unusually fast.
You are covered in fur. (AC +1)
You have tough skin. (AC +1)


Message History

The black bear bites you!
* * * LOW HITPOINT WARNING * * *
The black bear closely misses you.
The black bear claws you but does no damage.
The black bear bites you but does no damage.
The black bear claws you.
* * * LOW HITPOINT WARNING * * *
The black bear claws you.
* * * LOW HITPOINT WARNING * * *
Blink to where?
Press: ? - help, Dir - move target
As you read the scroll of blinking, it crumbles to dust.
You hear an angry growl.
Throw: 4 boomerangs
Press: ? - help, Q - select action, (/) - cycle Shift-Dir - straight line, f - black bear
Aim: a black bear (almost dead, berserk, 67% to hit)
You throw a boomerang.
The boomerang hits the black bear but does no damage.
The black bear is almost dead.
Throw: 4 boomerangs
Press: ? - help, Q - select action, (/) - cycle Shift-Dir - straight line, f/p - black bear
Aim: a black bear (almost dead, berserk, 67% to hit)
You throw a boomerang. The boomerang hits the black bear.
The black bear is almost dead.
The black bear is no longer berserk.
The black bear bites you.
* * * LOW HITPOINT WARNING * * *
The black bear claws you.
* * * LOW HITPOINT WARNING * * *
The black bear claws you.
* * * LOW HITPOINT WARNING * * *
You hit the black bear but do no damage.
The black bear is almost dead.
The black bear closely misses you. The black bear claws you.
* * * LOW HITPOINT WARNING * * *
The black bear claws you.
* * * LOW HITPOINT WARNING * * *
You hit the black bear but do no damage.
The black bear is almost dead.
The black bear bites you.
You die...

#...# #)##### #..h#
#######)# #...#
#.......## #...#
#.####...## #...#
#.###.....## #...#
#.##.......###
#...####.............
#........##.......###
##....gh@............
##...##.##.......###
###.##.##.#######
#.##.##.#####
#.##......<.#
#.#####.###.# #.#
#.###.# #.# #...#.#
#.#######.#.#


You could see a black bear (slow) and a hobgoblin.

Vanquished Creatures
  A black bear (D:4)
  A phantom (D:3)
  2 orc priests (D:3)
  6 adders
  6 worms
  3 dart slugs
  11 orcs
  5 endoplasms
  A giant cockroach (D:1)
  6 goblins
  5 hobgoblins
  10 jackals
  4 kobolds
  5 quokkas
  2 ball pythons
  10 bats
  4 frilled lizards
  5 rats
87 creatures vanquished.

Vanquished Creatures (others)
  An orc wizard (D:3)
  5 toadstools (D:1)
6 creatures vanquished.

Grand Total: 93 creatures vanquished

Notes
Turn   | Place    | Note
-------+----------+-------------------------------------------
     0 | D:1      | issech the Troll Monk began the quest for the Orb.
     0 | D:1      | Reached XP level 1. HP: 22/22 MP: 0/0
   151 | D:1      | Reached XP level 2. HP: 26/29 MP: 1/1
   454 | D:1      | Reached skill level 3 in Maces & Flails
   872 | D:2      | Reached XP level 3. HP: 10/36 MP: 2/2
  1224 | D:2      | Reached XP level 4. HP: 44/44 MP: 3/3
  1314 | D:2      | You fall into a shaft and drop 2 floors!
  2051 | D:3      | Noticed a phantom
  2077 | D:2      | Reached XP level 5. HP: 48/53 MP: 4/4
  2090 | D:3      | Found a burning altar of Makhleb.
  2093 | D:3      | Killed a phantom
  2094 | D:3      | Reached skill level 4 in Maces & Flails
  2099 | D:3      | Found a shadowy altar of Dithmenos.
  2423 | D:3      | Found a faded altar of an unknown god.
  2638 | D:3      | Reached XP level 6. HP: 42/61 MP: 5/5
  2773 | D:4      | Reached skill level 5 in Maces & Flails
  2888 | D:4      | HP: 1/61 [black bear (3)]
  2889 | D:4      | Slain by a black bear

Illustrated notes

Levels and vault maps discovered:
D:1:      minmay_arrival_four_circles, layout_basic, grunt_decor_mini_mirrors,
          skrybe_limestone_x, minmay_gold_behind_fungi
D:2:      layout_loops_ring
D:3:      layout_loops_cross, chequers_temple_overflow_statue_of_worship,
          shapermc_ecumenical_altar_starsandcircs, minmay_increasing_density
D:4:      layout_loops_ring, uniq_edmund

Skill      XL: |  1  2  3  4  5  6 |
---------------+-------------------+-----
Maces & Flails | 3 4 5 |  5.0
Dodging        | 3 |  3.7
Fighting       | 3 |  3.5
Throwing       | |  0.4
Stealth        | |  1.3

Action                   |  1- 3 |  4- 6 || total
-------------------------+-------+-------++-------
Melee: Mace              |   137 |   200 ||   337
       Punch             |       |     1 ||     1
Throw: Boomerang         |       |    11 ||    11
  Use: Scroll            |       |     8 ||     8
 Stab: Sleeping          |     2 |     3 ||     5
Armor: Robe              |    70 |    72 ||   142
Dodge: Dodged            |   114 |   144 ||   258
